 Dungeon Crawl Stone Soup version 0.20-a0-509-ga2a529b (webtiles) character file.

19771 M4edhros the Jinx (level 13, -9/99 HPs)
             Began as a Formicid Arcane Marksman on Jan 22, 2017.
             Was a High Priest of Qazlal.
             Killed from afar by a gargoyle (16 damage)
             ... with a stone arrow
             ... on level 13 of the Dungeon.
             The game lasted 00:39:51 (11889 turns).

M4edhros the Jinx (Formicid Arcane Marksman)       Turns: 11889, Time: 00:39:52

Health: -9/99      AC: 25    Str: 15 (17) XL:     13   Next: 7%
Magic:  0/24       EV: 16    Int: 11 (13) God:    Qazlal [*****.]
Gold:   1425       SH:  7    Dex: 13      Spells: 4/26 levels left

rFire    . . .     SeeInvis +   Y - +2 trident (protect)
rCold    . . .     Gourm    .   X - +4 steam dragon scales
rNeg     . . .     Faith    .   (no shield)
rPois    .         Spirit   +   (helmet unavailable)
rElec    .         Reflect  .   D - +0 cloak
rCorr    .         Harm     .   E - +1 pair of gloves
MR       ++...     Clarity  +   o - +0 pair of boots
Stlth    +.........             H - amulet of guardian spirit
Regen    0.3/turn               u - ring of protection from magic
                                n - +2 ring of protection

@: mighty, protected from physical damage, protection aura, repel missiles
A: permanent stasis, dig shafts and tunnels, four strong arms, antennae 3,
talons 1, blurry vision 1, clarity, clumsy 1, weak 2, wild magic 1
a: Dig, Shaft Self, Upheaval, Elemental Force, Disaster Area, Renounce Religion


You were on level 13 of the Dungeon.
You worshipped Qazlal.
Qazlal was extremely pleased with you.
You were hungry.

You visited 1 branch of the dungeon, and saw 14 of its levels.
You also visited: Bailey.

You collected 1425 gold pieces.

Inventory:

Hand Weapons
 a - a +0 hand crossbow
 h - a +2 hunting sling of freezing
 l - a +5 hunting sling
 J - a +2 dagger of venom
 Y - a +2 trident of protection (weapon)
Missiles
 d - 100 bolts
 k - 28 sling bullets
 p - 167 stones (quivered)
 O - 88 arrows
 V - 7 curare-tipped needles
Armour
 m - the +0 leather armour of Fionioz {+Inv rElec Dex+3 SInv}
   (You found it in a bailey)

   It affects your dexterity (+3).
   It insulates you from electricity.
   It lets you see invisible.
   It lets you turn invisible.
 o - a +0 pair of boots (worn)
 A - the +1 robe of the Black Moon {+Blink rPois Dex-5 SInv}
   (You took it off a centaur on level 11 of the Dungeon)

   It affects your dexterity (-5).
   It protects you from poison.
   It lets you see invisible.
   It lets you blink.
 D - a +0 cloak (worn)
 E - a +1 pair of gloves (worn)
 X - +4 steam dragon scales (worn)
Jewellery
 j - an uncursed ring of resist corrosion
 n - a +2 ring of protection (left hand)
 u - a ring of protection from magic (right hand)
 H - an amulet of guardian spirit (around neck)
 T - an uncursed ring of positive energy
Wands
 e - a wand of lightning (0/15)
 s - a wand of paralysis (0/24)
 v - a wand of polymorph (10/24)
 B - a wand of iceblast (9/15)
 C - a wand of random effects (27/48)
 G - a wand of confusion (8/48)
 N - a wand of flame (31/48)
 U - a wand of paralysis (0/24)
Scrolls
 b - 2 scrolls of recharging
 y - 3 scrolls of amnesia
 L - 3 scrolls of remove curse
 M - 2 scrolls of immolation
Potions
 q - a potion of curing
 K - a potion of lignification
Books
 c - a book of Debilitation

   Spells                             Type                      Level
   a - Corona                         Hexes                        1
   b - Slow                           Hexes                        2
   c - Gell's Gravitas                Hexes/Translocation          3
   d - Inner Flame                    Hexes/Fire                   3
   e - Cause Fear                     Hexes                        4
   f - Leda's Liquefaction            Hexes/Earth                  4
 F - a book of Clouds

   Spells                             Type                      Level
   a - Poisonous Vapours              Poison/Air                   2
   b - Mephitic Cloud                 Conjuration/Poison/Air       3
   c - Conjure Flame                  Conjuration/Fire             3
   d - Freezing Cloud                 Conjuration/Ice/Air          6
   e - Ring of Flames                 Charms/Fire                  7
 P - a book of Party Tricks

   Spells                             Type                      Level
   a - Summon Butterflies             Summoning                    1
   b - Apportation                    Translocation                1
   c - Lesser Beckoning               Translocation                3
   d - Tukima's Dance                 Hexes                        3
   e - Alistair's Intoxication        Transmutation/Poison         5
   f - Invisibility                   Hexes                        6
 Q - a book of Cantrips

   Spells                             Type                      Level
   a - Confusing Touch                Hexes                        1
   b - Animate Skeleton               Necromancy                   1
   c - Summon Small Mammal            Summoning                    1
   d - Apportation                    Translocation                1
 R - a book of Maledictions

   Spells                             Type                      Level
   a - Corona                         Hexes                        1
   b - Ensorcelled Hibernation        Hexes/Ice                    2
   c - Confuse                        Hexes                        3
   d - Tukima's Dance                 Hexes                        3
   e - Dazzling Spray                 Conjuration/Hexes            3
Comestibles
 f - 9 bread rations
 i - 9 fruits
 r - 2 royal jellies
 z - 6 meat rations


   Skills:
 * Level 8.3 Fighting
 * Level 11.0 Slings
 - Level 5.3 Crossbows
 + Level 6.7 Dodging
 * Level 7.4 Spellcasting
 * Level 11.9 Hexes
 + Level 0.8 Air Magic
 - Level 4.8 Earth Magic
 + Level 1.5 Poison Magic
 * Level 6.2 Invocations


You had 4 spell levels left.
You knew the following spells:

 Your Spells              Type           Power        Failure   Level  Hunger
a - Corona                Hex            #####..      1%          1    None
b - Slow                  Hex            #####...     1%          2    #......
c - Inner Flame           Hex/Fire       ###.....     10%         3    ###....
d - Leda's Liquefaction   Hex/Erth       ####......   12%         4    ####...
e - Confuse               Hex            #####...     1%          3    ###....
f - Tukima's Dance        Hex            #####...     1%          3    ###....
g - Dazzling Spray        Conj/Hex       ###...       10%         3    ###....
h - Mephitic Cloud        Conj/Pois/Air  #.......     47%         3    ###....


Dungeon Overview and Level Annotations

Branches:
Dungeon (14/15)            Temple (0/1) D:5            Lair (0/6) D:10
    Orc (0/2) D:10
 Vaults: D:13-14

Altars:
Dithmenos
Elyvilon
Fedhas
Hepliaklqana
Nemelex Xobeh
Okawaru
Qazlal
Xom

Shops:
D:7 [   D:10 *

Annotations:
D:7 exclusion: oklob plant
D:8 exclusion: 2 oklob plants
D:14 Louise, Sonja


Innate Abilities, Weirdness & Mutations

You cannot be hasted, slowed, berserked, paralysed or teleported.
You can dig through walls and to a lower floor.
Your four strong arms can wield two-handed weapons with a shield.
You have a pair of large antennae on your head. (SInv)
You have sharp toenails.
Scrolls take you a little longer to read.
You possess an exceptional clarity of mind.
You are clumsy. (Dex -2)
You are very weak. (Str -4)
Your spells are a little harder to cast, but a little more powerful.


Message History

The gargoyle completely misses you. You block the gargoyle's attack.
You puncture the gargoyle!
The gargoyle is almost destroyed.
You hear a bellow!
The gargoyle hits you with a mace.
* * * LOW HITPOINT WARNING * * *
You hear a bellow! x2
You barely miss the gargoyle.
The gargoyle is almost destroyed.
You hear a shout!
You hear a bellow! x2
The gargoyle hits you with a mace.
* * * LOW HITPOINT WARNING * * *
You feel more protected from physical attacks.
You barely miss the gargoyle.
The gargoyle is almost destroyed.
The ice beast changes into a human!
The gargoyle hurls a stone arrow at you.
The stone arrow hits you!
You feel more protected from physical attacks.
You die...

####...###########...
#.....{..$$........#
#.....{{##9........#
####.{{{##.........#
...{.{#{##.........#
.{{.###p#....>.....#
.{{ ##W#o.........#
.. ##9coo.........# #
#@####{........# ###
#.).......#
#........... {
.....######. ......#


You could see a human shaped shifter, a wraith, a gargoyle, a centaur, 2 orc
wizards and an orc.

Vanquished Creatures
  A centaur warrior (D:13)
  7 two-headed ogres
  2 deep trolls (D:14)
  An unseen horror (D:11)
  An orc knight (Bailey)
  3 ugly things
  Psyche (D:8)
  A troll (D:10)
  A hornet (D:10)
  Prince Ribbit (D:8)
  2 hippogriffs
  Sigmund (D:2)
  A shadow (D:11)
  17 yaks
  A spriggan (D:7)
  A steam dragon (D:9)
  2 hungry ghosts (D:11)
  6 vampire mosquitoes
  2 hell hounds (D:10)
  5 sky beasts
  A phantom (D:8)
  9 orc warriors
  An eye of draining (D:11)
  A necrophage (D:11)
  5 ogres
  4 centaurs
  3 big kobolds
  A crocodile (D:8)
  7 bullfrogs
  A gnoll sergeant (D:9)
  The ghost of Xenophilius the Ruffian, an amateur VSTm (D:3)
  A wyvern skeleton (D:8)
  A scorpion (D:4)
  8 killer bees
  3 wights (D:6)
  The ghost of M4edhros the Vexing, a weakling FoAM (D:4)
  8 howler monkeys
  5 crimson imps
  2 centaur zombies
  2 bullfrog zombies (D:10)
  3 jellies
  6 hounds
  3 bullfrog skeletons
  3 orc priests (D:11)
  11 orc wizards
  2 centaur skeletons
  Jessica (D:2)
  Natasha (twice) (D:2)
  3 iguanas
  9 worker ants
  A hound skeleton (D:11)
  2 worker ant zombies
  11 gnolls
  A howler monkey skeleton (D:4)
  6 adders
  3 shadow imps
  6 oozes
  An adder skeleton (D:2)
  A worm (D:2)
  4 dart slugs
  3 leopard geckos
  55 orcs
  3 bats
  3 bat skeletons (D:2)
  2 bat zombies (D:2)
  4 giant cockroaches
  12 goblins
  13 hobgoblins
  2 jackals (D:5)
  2 quokkas
  2 ball pythons
  A ball python zombie (D:2)
  4 frilled lizards
  A giant cockroach zombie (D:2)
  30 kobolds
  A leopard gecko skeleton (D:2)
  A leopard gecko zombie (D:2)
  A quokka skeleton (D:5)
  8 rats
349 creatures vanquished.

Vanquished Creatures (collateral kills)
  A wyvern (D:13)
  2 vampire mosquitoes
3 creatures vanquished.

Vanquished Creatures (others)
  2 dancing weapons
2 creatures vanquished.

Grand Total: 354 creatures vanquished

Notes
Turn   | Place    | Note
-------+----------+-------------------------------------------
     0 | D:1      | M4edhros the Formicid Arcane Marksman began the quest for the Orb.
     0 | D:1      | Reached XP level 1. HP: 15/15 MP: 2/2
   120 | D:1      | Reached XP level 2. HP: 21/21 MP: 3/3
   205 | D:1      | Reached XP level 3. HP: 19/26 MP: 4/4
   357 | D:1      | Reached skill level 1 in Slings
   866 | D:2      | Reached XP level 4. HP: 26/32 MP: 5/5
  1105 | D:2      | Noticed Jessica
  1106 | D:2      | Killed Jessica
  1106 | D:2      | Reached XP level 5. HP: 37/37 MP: 6/6
  1118 | D:2      | Noticed Natasha
  1127 | D:2      | Killed Natasha
  1127 | D:2      | Reached skill level 5 in Hexes
  1144 | D:2      | Noticed Natasha
  1159 | D:2      | Killed Natasha
  1336 | D:2      | Found a sparkling altar of Nemelex Xobeh.
  1464 | D:3      | Reached XP level 6. HP: 43/43 MP: 7/7
  1477 | D:3      | Learned a level 2 spell: Slow
  1481 | D:3      | Learned a level 3 spell: Inner Flame
  1595 | D:3      | Found a stormy altar of Qazlal.
  1616 | D:3      | Noticed Xenophilius's ghost (amateur VSTm)
  1641 | D:3      | Killed Xenophilius's ghost
  1688 | D:3      | Became a worshipper of Qazlal Stormbringer
  1941 | D:2      | Noticed Sigmund
  1961 | D:2      | Killed Sigmund
  1961 | D:2      | Reached XP level 7. HP: 29/48 MP: 3/8
  2523 | D:4      | Found a hazy altar of Hepliaklqana.
  2639 | D:4      | Noticed M4edhros's ghost (weakling FoAM)
  2648 | D:4      | Killed M4edhros's ghost
  2737 | D:4      | Found a shadowy altar of Dithmenos.
  3029 | D:5      | Entered Level 5 of the Dungeon
  3066 | D:5      | Found a staircase to the Ecumenical Temple.
  3082 | D:5      | Reached * piety under Qazlal
  3118 | D:5      | Reached XP level 8. HP: 53/54 MP: 9/9
  3292 | D:5      | Got a scorched ring mail
  3303 | D:5      | Identified the cursed +1 ring mail of Kom Mote {rElec} (You found it on level 5 of the Dungeon)
  3603 | D:5      | Reached skill level 5 in Slings
  3928 | D:5      | Gained mutation: Scrolls take you a little longer to read. [mutagenic meat]
  4400 | D:6      | Reached skill level 5 in Crossbows
  4400 | D:6      | Reached XP level 9. HP: 58/59 MP: 10/10
  4623 | D:6      | Found an iron altar of Okawaru.
  4647 | D:6      | Reached ** piety under Qazlal
  4759 | D:7      | Found a white marble altar of Elyvilon.
  4759 | D:7      | Noticed an oklob plant
  4856 | D:7      | Learned a level 4 spell: Leda's Liquefaction
  4904 | D:7      | Noticed a hippogriff
  4918 | D:7      | Killed a hippogriff
  4961 | D:7      | Found Haullyfe's Antique Armour Shop.
  5216 | D:7      | Reached skill level 1 in Earth Magic
  5452 | D:8      | Found a sparkling altar of Nemelex Xobeh.
  5545 | D:8      | Noticed Prince Ribbit
  5599 | D:8      | Noticed Psyche
  5616 | D:8      | Killed Psyche
  5621 | D:8      | Killed Prince Ribbit
  5621 | D:8      | Reached XP level 10. HP: 49/70 MP: 3/13
  5901 | D:8      | Found a blossoming altar of Fedhas.
  5903 | D:8      | Noticed an oklob plant
  5903 | D:8      | Noticed an oklob plant
  6285 | D:8      | Found a shimmering altar of Xom.
  6285 | D:8      | Found a shimmering altar of Xom.
  6285 | D:8      | Found a shimmering altar of Xom.
  6286 | D:8      | Found a shimmering altar of Xom.
  6429 | D:9      | Reached skill level 5 in Dodging
  6552 | D:9      | Reached skill level 5 in Fighting
  6707 | D:9      | Reached *** piety under Qazlal
  6754 | D:9      | Noticed a two-headed ogre
  6791 | D:9      | Killed a two-headed ogre
  6791 | D:9      | Reached skill level 10 in Hexes
  7006 | D:9      | Reached XP level 11. HP: 42/80 MP: 17/17
  7701 | D:10     | Entered Level 10 of the Dungeon
  7738 | D:10     | You fall through a shaft!
  7820 | D:11     | Noticed an unseen horror
  7832 | D:11     | Killed an unseen horror
  7832 | D:11     | Reached skill level 5 in Spellcasting
  7870 | D:11     | Found a flagged portal.
  7880 | Bailey   | Entered a bailey
  7982 | Bailey   | Learned a level 3 spell: Confuse
  7986 | Bailey   | Learned a level 3 spell: Tukima's Dance
  7990 | Bailey   | Learned a level 3 spell: Dazzling Spray
  7994 | Bailey   | Noticed an orc knight
  8019 | Bailey   | Reached **** piety under Qazlal
  8039 | Bailey   | Killed an orc knight
  8039 | Bailey   | Reached skill level 1 in Invocations
  8111 | Bailey   | Got a smoking leather armour
  8123 | Bailey   | Identified the +0 leather armour of Fionioz {+Inv rElec Dex+3 SInv} (You found it in a bailey)
  8479 | D:11     | Noticed a red ugly thing
  8491 | D:11     | Killed a red ugly thing
  8495 | D:11     | Gained mutation: You are clumsy. (Dex -2) [mutagenic meat]
  8496 | D:11     | Gained mutation: You possess an exceptional clarity of mind. [mutagenic meat]
  8497 | D:11     | Gained mutation: You have sharp toenails. [mutagenic meat]
  8503 | D:11     | Gained mutation: Your spells are a little harder to cast, but a little more powerful. [mutagenic meat]
  8504 | D:11     | Gained mutation: You are weak. (Str -2) [mutagenic meat]
  8505 | D:11     | Gained mutation: You are very weak. (Str -4) [mutagenic meat]
  8517 | D:11     | Noticed a two-headed ogre
  8544 | D:11     | Killed a two-headed ogre
  8720 | D:11     | Noticed a two-headed ogre
  8737 | D:11     | Killed a two-headed ogre
  8844 | D:11     | Reached XP level 12. HP: 91/91 MP: 14/21
  9121 | D:11     | Noticed a two-headed ogre
  9133 | D:11     | Killed a two-headed ogre
  9133 | D:11     | Reached skill level 10 in Slings
  9309 | D:11     | Learned a level 3 spell: Mephitic Cloud
  9324 | D:11     | Reached ***** piety under Qazlal
  9645 | D:11     | Got a bloodstained scale mail
  9648 | D:11     | Identified the +2 scale mail "Hoaf" {rElec rC- rN+} (You found it on level 11 of the Dungeon)
  9912 | D:11     | Noticed a two-headed ogre
  9925 | D:11     | Killed a two-headed ogre
  9981 | D:10     | Found Izodghyf's General Store.
 10040 | D:10     | Noticed a two-headed ogre
 10492 | D:11     | Noticed a two-headed ogre
 10508 | D:11     | Killed a two-headed ogre
 10508 | D:11     | Reached skill level 5 in Invocations
 10708 | D:10     | Found a staircase to the Lair.
 10747 | D:10     | Killed a two-headed ogre
 10942 | D:10     | Found a staircase to the Orcish Mines.
 11657 | D:11     | Got a colourful robe
 11668 | D:11     | Identified the +1 robe of the Black Moon {+Blink rPois Dex-5 SInv} (You took it off a centaur on level 11 of the Dungeon)
 11697 | D:11     | You fall through a shaft for 3 floors!
 11700 | D:14     | Noticed a centaur warrior
 11708 | D:14     | Noticed Louise
 11731 | D:14     | Noticed a deep troll
 11736 | D:14     | Noticed a deep troll earth mage
 11736 | D:14     | Noticed a deep troll
 11736 | D:14     | Noticed a deep troll
 11748 | D:14     | Killed a deep troll
 11767 | D:14     | Killed a deep troll
 11779 | D:14     | Noticed Sonja
 11787 | D:14     | Reached skill level 1 in Poison Magic
 11822 | D:13     | Noticed a tengu warrior
 11854 | D:13     | Reached XP level 13. HP: 40/99 MP: 3/23
 11863 | D:13     | Killed a centaur warrior
 11889 | D:13     | Killed from afar by a gargoyle

Vault maps used:
D:1:      tarquinn_simple_flora_water_c, hangedman_decor_riveting, st_stairs_1,
          minmay_cupped
D:2:      serial_undead, serial_undead_d, serial_undead_a, serial_undead_d,
          serial_undead_f, serial_undead_d, serial_undead_f,
          nemelex_dance_club_becter, uniq_natasha, uniq_jessica, uniq_sigmund
D:3:      lemuel_upstairs_altar, nicolae_qazlal_general_emergency,
          minmay_crystal_water
D:4:      nicolae_overflow_crystal_walls, first_bread,
          grunt_dithmenos_smoke_and_mirrors
D:6:      kennysheep_okawaru_gauntlet, serial_glass, glass_columns_b,
          glass_columns_a
D:7:      serial_shops, shop, the_bakery, lemuel_oklob_altar
D:8:      xom_shifter_show, old_standard_altar, hangedman_tree_tricks,
          mrwooster_statue_mirror, uniq_prince_ribbit1, uniq_psyche
D:10:     minmay_lair_entry_lava, david_orc_2, serial_shops, shop,
          grunt_decor_one_mirror, kennysheep_generic_room_16
D:11:     enter_bailey_8
D:12:     uniq_fannar
D:13:     david_vaults_2, basic_altar
D:14:     infiniplex_staircase_door_maze, uniq_sonja, uniq_louise
Bailey:   bailey_axe_1, bailey

Skill      XL: |  1  2  3  4  5  6  7  8  9 10 11 12 13 |
---------------+----------------------------------------+-----
Hexes          | 4 5 6 8 9 10 11 | 11.9
Slings         | 1 2 3 4 6 7 8 9 10 11 | 11.0
Dodging        | 2 3 4 5 6 |  6.7
Crossbows      | 3 4 5 |  5.3
Fighting       | 3 5 7 8 |  8.3
Earth Magic    | 2 4 |  4.8
Spellcasting   | 2 4 6 7 |  7.4
Invocations    | 3 6 |  6.2
Poison Magic   | 1 |  1.5
Air Magic      | |  0.8

Action                   |  1- 3 |  4- 6 |  7- 9 | 10-12 | 13-15 || total
-------------------------+-------+-------+-------+-------+-------++-------
Melee: Dagger            |       |       |   135 |    11 |       ||   146
       Trident           |       |       |       |   105 |    33 ||   138
 Fire: Hand crossbow     |    88 |    58 |       |       |       ||   146
       Hunting sling     |     2 |    91 |   377 |   948 |       ||  1418
 Cast: Slow              |       |     2 |     3 |    12 |       ||    17
       Inner Flame       |       |       |     1 |     6 |       ||     7
       Confuse           |       |       |       |    17 |       ||    17
       Tukima's Dance    |       |       |       |     8 |       ||     8
       Dazzling Spray    |       |       |       |     6 |       ||     6
Invok: Elemental Force   |       |       |       |     1 |       ||     1
 Abil: Dig               |       |       |     4 |    10 |       ||    14
Evoke: Wand              |       |       |     2 |    16 |       ||    18
  Use: Potion            |       |     7 |       |    13 |     2 ||    22
       Scroll            |       |       |    11 |    12 |       ||    23
 Stab: Confused          |       |       |       |     3 |       ||     3
  Eat: Chunk             |       |     3 |    13 |    28 |       ||    44
       Royal jelly       |       |       |       |     1 |       ||     1
Armor: Robe              |    18 |    10 |     6 |       |       ||    34
       Skin              |       |    19 |       |       |       ||    19
       Ring mail         |       |       |   116 |    21 |       ||   137
       Chain mail        |       |       |       |    31 |       ||    31
       Steam dragon scal |       |       |       |   159 |    13 ||   172
Dodge: Dodged            |    45 |    50 |   141 |   357 |    26 ||   619
       Deflected         |       |       |       |    13 |     1 ||    14
Block: Other             |       |       |    21 |   140 |    14 ||   175
